 Dungeon Crawl Stone Soup version 0.18-a0-1120-g03bd624 (webtiles) character file.

10331 ThermosAquaticus the Martial Artist (level 11, -15/72 HPs)
             Began as an Octopode Abyssal Knight on Jan 17, 2016.
             Was the Champion of Lugonu.
             Demolished by an ice devil (21 damage)
             ... in an ice cave.
             The game lasted 01:01:38 (13274 turns).

ThermosAquaticus the Martial Artist (OpAK)         Turns: 13274, Time: 01:01:39

Health: -15/72     AC:  5    Str: 12    XL:     11   Next: 60%
Magic:  26/26      EV: 16    Int: 16    God:    Lugonu [******]
Gold:   481        SH:  0    Dex: 13    Spells: 0 memorised, 10 levels left

rFire  . . .     SeeInvis .       - Unarmed
rCold  . . .     Gourm    .     (no shield)
rNeg   + + .     Faith    .     (helmet restricted)
rPois  .         Spirit   .     c - amulet of regeneration
rElec  .         Dismiss  .     b - ring of magical power
rCorr  .         Reflect  .     h - ring of positive energy
SustAt .         Harm     .     j - ring of positive energy
MR     .....                    (no ring)
Stlth  +++.......               (no ring)
                                (no ring)
                                (no ring)
                                (no ring)

@: not resistant to hostile enchantments, fairly stealthy
A: almost no armour, amphibious, 8 rings, constrict 8, slimy green scales 1,
thin metallic scales 1, camouflage 1, gelatinous body 1
a: Depart the Abyss, Bend Space, Banish, Corrupt, Enter the Abyss, Brand Weapon
With Distortion, Renounce Religion


You were in an ice cave.
You worshipped Lugonu.
Lugonu was exalted by your worship.
You were not hungry.

You visited 1 branch of the dungeon, and saw 11 of its levels.
You visited the Abyss 1 time.
You also visited: Sewer and Ice Cave.

You collected 481 gold pieces.

Inventory:

Hand Weapons
 f - a +1 dagger of venom
 n - a +0 triple sword of freezing
 M - a +0 dagger of electrocution
Missiles
 i - 36 poisoned needles
 r - 9 tomahawks (quivered)
Armour
 l - a +0 shield
Rods
 m - a +4 iron rod (12/12)
   (You found it on level 3 of the Dungeon)
Jewellery
 b - a ring of magical power (left tentacle)
 c - an amulet of regeneration (around mantle)
 h - a ring of positive energy (right tentacle)
 j - a ring of positive energy (on tentacle)
 Q - an uncursed ring of stealth {unknown}
Wands
 p - a wand of fire (0/15)
 B - a wand of random effects (16/48)
 E - a wand of draining (3/15)
 K - a wand of magic darts (21/48)
 P - a wand of fireball (6/15)
Scrolls
 d - 5 scrolls of magic mapping
 e - 2 scrolls of recharging
 q - 3 scrolls of remove curse
 x - 2 scrolls of torment {unknown}
 y - 2 scrolls of noise
 z - 2 scrolls of fog {unknown}
 C - 3 scrolls of teleportation
 D - a scroll of enchant armour
 J - a scroll of random uselessness {unknown}
 L - a scroll of amnesia {unknown}
 N - a scroll of fear {unknown}
 O - a scroll of acquirement {unknown}
 T - a scroll of enchant weapon {unknown}
Potions
 g - 4 potions of berserk rage
 k - 6 potions of curing
 s - 3 potions of agility
 t - 3 potions of haste
 v - 2 potions of flight {unknown}
 F - 3 potions of poison {unknown}
 G - a potion of ambrosia {unknown}
Books
 o - a book of Conjurations

   Spells                             Type                      Level
   a - Magic Dart                     Conjuration                  1
   b - Searing Ray                    Conjuration                  2
   c - Dazzling Spray                 Conjuration/Hexes            3
   d - Fulminant Prism                Conjuration/Hexes            4
   e - Iskenderun's Mystic Blast      Conjuration                  4
   f - Iskenderun's Battlesphere      Conjuration/Charms           5
Miscellaneous
 R - a sack of spiders
Comestibles
 a - 6 bread rations
 A - 3 meat rations
 H - 28 fruits


   Skills:
 - Level 6.0 Fighting
 - Level 7.5 Dodging
 - Level 3.1 Stealth
 + Level 12.6 Unarmed Combat
 - Level 4.7 Invocations
 - Level 8.4 Evocations


You had 10 spell levels left.
You didn't know any spells.

Dungeon Overview and Level Annotations

Branches:
Dungeon (11/15)            Temple (0/1) D:6             Orc (0/2) D:10
   Lair: D:8-11

Altars:
Dithmenos
Elyvilon
Fedhas
Gozag
Pakellas
Qazlal
Xom
Yredelemnul
The Shining One

Shops:
D:11 [

Portals:
Trove: D:10 (show abyssal rune of Zot)

Annotations:
Abyss:1 Erolcha IceCv exclusion: 2 ice statues


Innate Abilities, Weirdness & Mutations

You cannot wear most types of armour.
You are amphibious.
You can wear up to eight rings at the same time.
You can use your tentacles to constrict eight enemies at once.
Your skin changes colour to match your surroundings (Stealth).
Your rubbery body absorbs attacks (AC +1).
You are partially covered in slimy green scales (AC +2).
You are partially covered in thin metallic scales (AC +2).


Message History

You squeeze the ice devil, but do no damage.
The ice devil is severely wounded.
You constrict the ice devil. The ice devil hits you!
The ice devil freezes you!!
* * * LOW HITPOINT WARNING * * *
You tentacle-slap the ice devil but do no damage.
The ice devil is almost dead.
You constrict the ice devil, but do no damage.
The ice devil closely misses you.
You tentacle-slap the ice devil.
You squeeze the ice devil, but do no damage.
The ice devil is almost dead.
You constrict the ice devil, but do no damage.
You barely miss the ice devil.
You tentacle-slap the ice devil, but do no damage.
The ice devil is almost dead.
You constrict the ice devil. The ice devil hits you!
* * * LOW HITPOINT WARNING * * *
The ice devil freezes you!!
You die...

#...###..#
#..##.#.##
#..#....##
#..##....#
#§§§
##..#....#
§§4§
#..##..)##...
##..#..##..#
#..####.4#
##@###...#
##4.#..#
#....# ##..##
####


You could see an ice devil.

Vanquished Creatures
  A centaur warrior (D:10)
  A manticore (D:11)
  An ugly thing (D:10)
  A centaur zombie (D:9)
  An ice devil (IceCv)
  A troll (D:9)
  2 wyverns
  7 yaks
  3 hungry ghosts
  Menkaure (D:5)
  A water moccasin (D:7)
  A soldier ant (D:10)
  3 sky beasts
  2 wasps
  3 phantoms
  4 orc warriors
  6 ogres
  2 necrophages
  5 centaurs
  2 crocodiles
  2 big kobolds
  6 giant frogs
  A wyvern zombie (D:10)
  4 scorpions
  6 killer bees (D:10)
  3 wights (D:6)
  A giant frog zombie (D:6)
  6 crimson imps
  2 quasits
  3 jellies
  5 giant frog skeletons
  2 hounds
  7 orc wizards
  14 orc priests
  2 centaur skeletons
  An iguana (D:10)
  7 worker ants
  A hound skeleton (D:8)
  A worker ant zombie (D:9)
  18 adders
  8 gnolls
  3 shadow imps
  5 white imps (IceCv)
  8 ufetubi (IceCv)
  2 oozes
  An adder zombie (D:8)
  2 adder skeletons
  7 worms
  11 giant geckos
  38 orcs
  3 ball pythons
  8 giant cockroaches
  7 goblins
  4 hobgoblins
  7 jackals
  7 quokkas
  14 bats
  A giant gecko skeleton (D:7)
  5 giant newts
  A jackal skeleton (D:4)
  16 kobolds
  2 quokka skeletons
  25 rats
325 creatures vanquished.

Vanquished Creatures (others)
  An orc warrior (D:10)
  A white imp (IceCv)
  An ufetubus (IceCv)
3 creatures vanquished.

Grand Total: 328 creatures vanquished

Notes
Turn   | Place    | Note
--------------------------------------------------------------
     0 | Abyss:1  | ThermosAquaticus the Octopode Abyssal Knight began the quest for the Orb.
     0 | Abyss:1  | Reached XP level 1. HP: 16/16 MP: 2/2
    60 | D:1      | Escaped the Abyss
   487 | D:1      | Reached * piety under Lugonu
   487 | D:1      | Reached XP level 2. HP: 21/21 MP: 3/3
   859 | D:2      | Reached XP level 3. HP: 21/26 MP: 4/4
  1425 | D:2      | Found an oddly glowing altar of Pakellas.
  1591 | D:2      | Reached skill level 4 in Unarmed Combat
  1607 | D:2      | Reached XP level 4. HP: 31/31 MP: 5/5
  2037 | D:3      | Found a glowing golden altar of the Shining One.
  2180 | D:3      | Reached ** piety under Lugonu
  2440 | D:3      | Reached skill level 5 in Unarmed Combat
  2440 | D:3      | Reached XP level 5. HP: 24/36 MP: 6/6
  2744 | D:3      | Reached skill level 1 in Evocations
  2887 | D:3      | Reached XP level 6. HP: 35/42 MP: 7/7
  3219 | D:3      | Reached skill level 6 in Unarmed Combat
  4041 | D:4      | Reached XP level 7. HP: 46/46 MP: 9/9
  4089 | D:4      | Found a glowing drain.
  4091 | D:4      | Reached *** piety under Lugonu
  4248 | Sewer    | Entered a sewer
  4309 | Sewer    | Reached skill level 7 in Unarmed Combat
  5532 | D:4      | Reached **** piety under Lugonu
  5744 | D:5      | Entered Level 5 of the Dungeon
  5911 | D:5      | Reached skill level 8 in Unarmed Combat
  5911 | D:5      | Reached XP level 8. HP: 52/52 MP: 10/10
  5963 | D:5      | Noticed Menkaure
  6006 | D:5      | Killed Menkaure
  6943 | D:5      | Reached skill level 5 in Dodging
  7323 | D:6      | Reached XP level 9. HP: 44/56 MP: 12/12
  7466 | D:6      | Reached ***** piety under Lugonu
  7668 | D:6      | Found a staircase to the Ecumenical Temple.
  7858 | D:6      | Found a shadowy altar of Dithmenos.
  7870 | D:6      | Reached skill level 5 in Evocations
  8199 | D:7      | Found a blossoming altar of Fedhas.
  8200 | D:7      | Found a stormy altar of Qazlal.
  8290 | D:7      | Gained mutation: You are partially covered in thin metallic scales (AC +2). [mutagenic meat]
  8291 | D:7      | Gained mutation: You are partially covered in slimy green scales (AC +2). [mutagenic meat]
  8417 | D:7      | Reached skill level 9 in Unarmed Combat
  8501 | D:7      | Reached skill level 5 in Fighting
  8713 | D:7      | Found a basalt altar of Yredelemnul.
  8796 | D:7      | Found a shimmering altar of Xom.
  8797 | D:7      | Found a shimmering altar of Xom.
  8797 | D:7      | Found a shimmering altar of Xom.
  8797 | D:7      | Found a shimmering altar of Xom.
  8797 | D:7      | Found a shimmering altar of Xom.
  8797 | D:7      | Found a shimmering altar of Xom.
  8797 | D:7      | Found a shimmering altar of Xom.
  8797 | D:7      | Found a shimmering altar of Xom.
  8797 | D:7      | Found a shimmering altar of Xom.
  8798 | D:7      | Found a shimmering altar of Xom.
  8798 | D:7      | Noticed a hornet
  8798 | D:7      | a spriggan changed into a hornet
  8820 | D:7      | Noticed a harpy
  8833 | D:7      | Noticed a yaktaur
  8833 | D:7      | a harpy changed into a yaktaur
  9001 | D:7      | Found a white marble altar of Elyvilon.
  9527 | D:8      | Found an opulent altar of Gozag.
  9704 | D:8      | Reached XP level 10. HP: 38/67 MP: 13/13
  9971 | D:8      | Reached skill level 10 in Unarmed Combat
 10301 | D:9      | Reached skill level 1 in Stealth
 10552 | D:9      | Noticed Erolcha
 10553 | D:9      | Banished Erolcha
 11170 | D:9      | Reached XP level 11. HP: 70/70 MP: 17/17
 11408 | D:10     | Entered Level 10 of the Dungeon
 11442 | D:10     | Found a staircase to the Orcish Mines.
 11559 | D:10     | Reached skill level 11 in Unarmed Combat
 11659 | D:10     | Reached ****** piety under Lugonu
 11758 | D:10     | Found a portal to a secret trove of treasure.
 12153 | D:10     | Noticed a purple ugly thing
 12165 | D:10     | Killed a purple ugly thing
 12317 | D:10     | Noticed a centaur warrior
 12321 | D:10     | Killed a centaur warrior
 12321 | D:10     | Reached skill level 12 in Unarmed Combat
 12462 | D:10     | Paralysed by a wasp for 2 turns
 12625 | D:11     | Noticed a cyclops
 12668 | D:11     | Found Asentaov's Antique Armour Boutique.
 12668 | D:11     | Found a frozen archway.
 12668 | D:11     | Noticed a manticore
 12671 | D:11     | Killed a manticore
 12681 | D:11     | Noticed a brown ugly thing
 12805 | D:11     | Noticed a green ugly thing
 12809 | IceCv    | Entered an ice cave
 13274 | IceCv    | Demolished by an ice devil

Vault maps used:
D:1:      dpeg_arrival_windows_large_door
D:2:      serial_glass, glass_columns_a, glass_columns_b, grunt_pakellas_salt
D:3:      nicolae_overflow_hidden_temple
D:4:      gup_sewer_entry_pipe, minmay_rat_hole
D:5:      first_bread, uniq_menkaure
D:6:      nicolae_dithmenos_the_darkroom, minmay_temple_entry_statues_pillars
D:7:      kennysheep_ying_yang, grunt_temple_overflow_forces_of_nature,
          xom_shifter_show
D:8:      nicolae_gozag_cash_rules_everything_around_me, serial_bayou_pond_d,
          blue_anna_alchemist
D:9:      uniq_erolcha
D:10:     minmay_ornate_pinched, enter_trove_1, uniq_snorg
D:11:     grunt_lair_entry_orc_guard_hut, serial_shops, shop,
          portal_ice_cave_entry_pillars_02
Sewer:    sewer_big_baddie
IceCv:    ice_cave_small_demon

Action                   |  1- 3 |  4- 6 |  7- 9 | 10-12 || total
-------------------------+-------+-------+-------+-------++-------
Melee: Dagger            |    61 |    41 |       |       ||   102
       Unarmed           |     1 |    81 |   375 |   368 ||   825
       Rod               |       |       |       |     2 ||     2
Throw: Tomahawk          |       |     4 |     4 |    14 ||    22
Invok: Depart the Abyss  |     1 |       |       |       ||     1
       Bend Space        |       |       |       |     2 ||     2
       Banish            |       |       |       |     4 ||     4
Evoke: Rod               |       |     2 |    17 |    24 ||    43
       Wand              |       |     2 |     2 |     2 ||     6
  Use: Potion            |     1 |       |       |     7 ||     8
       Scroll            |       |     7 |     4 |     3 ||    14
 Stab: Sleeping          |     1 |     4 |    10 |     6 ||    21
       Distracted        |       |       |       |     1 ||     1
  Eat: Chunk             |     2 |     8 |    22 |    27 ||    59
       Beef jerky        |       |       |     1 |     1 ||     2
       Meat ration       |       |       |     1 |       ||     1
